 Dungeon Crawl Stone Soup version 0.22-a0-422-g9628fc8 (webtiles) character file.

2059 Mgcat the Covered (level 9, -3/73 HPs)
             Began as a Gnoll Wanderer on May 20, 2018.
             Was an Initiate of Ru.
             Slain by a killer bee (6 damage)
             ... on level 6 of the Dungeon.
             The game lasted 00:12:57 (5737 turns).

Mgcat the Covered (Gnoll Wanderer)                  Turns: 5737, Time: 00:12:58

Health: -3/73      AC: 18    Str: 18    XL:     9   Next: 25%
Magic:  15/15      EV: 12    Int: 18    God:    Ru [......]
Gold:   175        SH:  3    Dex: 16    Spells: 16/16 levels left

rFire    . . .     SeeInvis .   t - +1 flail (crush)
rCold    . . .     Gourm    .   (no shield)
rNeg     . . .     Faith    .   y - +4 scale mail of Hemurak {MR+}
rPois    .         Spirit   .   (helmet restricted)
rElec    .         Reflect  +   x - +2 cloak
rCorr    .         Harm     .   v - +0 pair of gloves
MR       +....                  (no boots)
Stlth    ++........             c - +3 amulet of reflection
HPRegen  0.22/turn              (no ring)
MPRegen  0.14/turn              (no ring)

@: brilliant, lethally poisoned (-3 -> -5)
A: distributed training, fangs 1, horns 1, iridescent scales 1, sense
surroundings 1, strong nose
a: Renounce Religion


You were on level 6 of the Dungeon.
You worshipped Ru.
Ru was noncommittal.
You were not hungry.

You visited 1 branch of the dungeon, and saw 6 of its levels.

You collected 175 gold pieces.

Inventory:

Hand Weapons
 t - a +1 flail of crushing (weapon)
   (You took it off an orc on level 3 of the Dungeon)
 u - a +0 dire flail
   (You took it off Blork the orc on level 4 of the Dungeon)
Armour
 k - a +0 helmet
   (You took it off Robin on level 3 of the Dungeon)
 v - a +0 pair of gloves (worn)
   (You found it on level 5 of the Dungeon)
 x - a +2 cloak (worn)
   (You found it on level 4 of the Dungeon)
 y - the +4 scale mail of Hemurak (worn) {MR+}
   (You found it on level 4 of the Dungeon)

   It affects your resistance to hostile enchantments.
Jewellery
 c - a +3 amulet of reflection (around neck)
   (You found it on level 5 of the Dungeon)
Wands
 g - a wand of iceblast (7)
   (You found it on level 5 of the Dungeon)
 p - a wand of flame (15)
   (You took it off Robin on level 3 of the Dungeon)
 w - a wand of digging (8)
   (You took it off Ijyb on level 4 of the Dungeon)
Scrolls
 b - a scroll of remove curse
 e - 2 scrolls of torment {unknown}
 h - a scroll of teleportation
 j - a scroll of amnesia
 r - a scroll of magic mapping {!r}
 s - 2 scrolls of fear
 z - a scroll of identify
Potions
 a - a potion of flight
 l - a potion of berserk rage {!q}
 m - 2 potions of degeneration {!q}
 n - 2 potions of haste
 o - a potion of lignification {!q}
Comestibles
 d - 8 chunks of flesh {@w0}
 f - 9 rations


   Skills:
 + Level 7.7 Fighting
 + Level 4.0 Short Blades
 + Level 4.0 Long Blades
 + Level 4.0 Axes
 + Level 6.1 Maces & Flails
 + Level 4.0 Polearms
 + Level 4.0 Staves
 + Level 4.0 Slings
 + Level 4.0 Bows
 + Level 4.0 Crossbows
 + Level 4.0 Throwing
 + Level 7.7 Armour
 + Level 4.0 Dodging
 + Level 5.8 Stealth
 + Level 4.0 Shields
 + Level 4.0 Unarmed Combat
 + Level 4.0 Spellcasting
 + Level 3.2 Conjurations
 + Level 3.2 Hexes
 + Level 3.2 Charms
 + Level 3.2 Summonings
 + Level 3.2 Necromancy
 + Level 3.2 Translocations
 + Level 3.2 Transmutations
 + Level 3.2 Fire Magic
 + Level 3.2 Ice Magic
 + Level 3.2 Air Magic
 + Level 3.2 Earth Magic
 + Level 3.2 Poison Magic
 + Level 4.4 Invocations
 + Level 4.0 Evocations


You had 16 spell levels left.
You didn't know any spells.
Your spell library was empty.

Dungeon Overview and Level Annotations

Branches:
Dungeon (6/15)
 Temple: D:4-7

Altars:
Ashenzari
Makhleb
Ru
Yredelemnul
Zin


Innate Abilities, Weirdness & Mutations

Your experience applies equally to all skills.
You have very sharp teeth.
Your uncanny sense of smell can sniff out nearby items.
You have a pair of small horns on your head.
You are partially covered in iridescent scales. (AC +2)
You passively map a small area around you.


Message History

The killer bee stings you.
You are poisoned.
The killer bee poisons you!
The killer bee stings you but does no damage.
The killer bee closely misses you. The killer bee stings you. x2
You closely miss the killer bee. Your bite misses the killer bee.
The killer bee is severely wounded.
You feel sick. The killer bee closely misses you.
The killer bee barely misses you. x2; The killer bee stings you!
You are more poisoned.
The killer bee poisons you!
The killer bee stings you but does no damage.
The killer bee closely misses you. x2
The killer bee stings you but does no damage.
You are too injured to fight recklessly!
You are too injured to fight recklessly!
You are too injured to fight recklessly!
You sock the killer bee!
You kill the killer bee!
Your Short Blades skill increases to level 4!
Your Long Blades skill increases to level 4!
Your Axes skill increases to level 4!
Your Polearms skill increases to level 4!
Your Staves skill increases to level 4!
Your Slings skill increases to level 4!
Your Bows skill increases to level 4!
Your Crossbows skill increases to level 4!
Your Throwing skill increases to level 4!
Your Dodging skill increases to level 4!
Your Shields skill increases to level 4!
Your Unarmed Combat skill increases to level 4!
Your Spellcasting skill increases to level 4!
Your Evocations skill increases to level 4!
You feel sick.
The killer bee stings you but does no damage.
You block the killer bee's attack. x2; The killer bee barely misses you. x2
The killer bee stings you.
You feel sick. The killer bee misses you.
The killer bee stings you but does no damage.
You block the killer bee's attack. The killer bee barely misses you.
You see here a killer bee corpse.
You closely miss the killer bee. Your bite misses the killer bee.
You feel sick. The killer bee barely misses you.
The killer bee stings you but does no damage. x3
The killer bee closely misses you. The killer bee barely misses you.
You feel sick. The killer bee stings you.
You closely miss the killer bee.
You feel sick. The killer bee closely misses you. The killer bee stings you.
You are more poisoned.
The killer bee poisons you!
You barely miss the killer bee.
You feel sick.
The killer bee stings you but does no damage.
You block the killer bee's attack. The killer bee stings you.
You are more poisoned.
The killer bee poisons you!
You barely miss the killer bee.
You feel sick.
The killer bee stings you but does no damage.
The killer bee closely misses you.
The killer bee stings you but does no damage. x2
You sock the killer bee!
You kill the killer bee!
You feel sick.
The killer bee stings you but does no damage.
Okay, then.
Unknown command.
Unknown command.
Unknown command.
You hit the killer bee.
The killer bee is moderately wounded.
You feel sick. The killer bee stings you!
* * * LOW HITPOINT WARNING * * *
You are more poisoned.
The killer bee poisons you! The killer bee stings you!
* * * LOW HITPOINT WARNING * * *
You are more poisoned.
The killer bee poisons you! The killer bee barely misses you.
You block the killer bee's attack.
It was a potion of curing.
You feel better. The killer bee barely misses you. x3
The killer bee completely misses you.
It was a potion of brilliance.
You feel clever all of a sudden. The killer bee stings you.
* * * LOW HITPOINT WARNING * * *
You are poisoned.
The killer bee poisons you! The killer bee stings you.
* * * LOW HITPOINT WARNING * * *
The killer bee closely misses you. You block the killer bee's attack.
It was a potion of mutation.
You feel extremely strange.
You feel a strange attunement to the structure of the dungeons.
A pair of horns grows on your head!
Your +0 helmet falls away!
Iridescent scales grow over part of your body.
You feel sick. The killer bee barely misses you.
The killer bee completely misses you. The killer bee stings you.
* * * LOW HITPOINT WARNING * * *
The killer bee stings you.
* * * LOW HITPOINT WARNING * * *
You hit the killer bee. You headbutt the killer bee.
The killer bee is almost dead.
The killer bee stings you.
You die...

∆ #.#.......#
, ,
#.'.......+ *,
* ###.......#
* #..>....# ∆
#.......#
#...)...+, ,*
, #.......# *
**
##########y###
, #......).@y#
* #......))..#
* #..........#
, #..........#
#..........# ,
+..........#
#..........# ,
#..........#,,
..+.[#######


You could see 2 killer bees.

Vanquished Creatures
  The ghost of Autsider the Chopper, a novice DDFi of Makhleb (D:5)
  Grinder (D:4)
  A black bear (D:3)
  An ogre (D:5)
  A centaur (D:5)
  Blork the orc (D:4)
  A scorpion (D:4)
  2 killer bees (D:6)
  3 howler monkeys
  A hound (D:4)
  A jelly (D:5)
  An orc priest (D:4)
  7 orc wizards
  2 centaur skeletons (D:5)
  Ijyb (D:4)
  4 worker ants
  Robin (D:3)
  5 adders
  12 gnolls
  4 shadow imps
  An adder skeleton (D:5)
  2 worms (D:2)
  2 dart slugs (D:2)
  6 leopard geckos
  18 orcs
  11 bats
  6 giant cockroaches
  21 goblins
  12 hobgoblins
  9 jackals
  A ball python (D:1)
  7 frilled lizards
  A jackal skeleton (D:5)
  8 kobolds
  7 rats
163 creatures vanquished.

Notes
Turn   | Place    | Note
-------+----------+-------------------------------------------
     0 | D:1      | Mgcat the Gnoll Wanderer began the quest for the Orb.
     0 | D:1      | Mgcat set off with: a +2 dagger, a potion of heal wounds, a +0 mace, a +0 ring mail, a ration
     0 | D:1      | Reached XP level 1. HP: 23/23 MP: 1/1
    90 | D:1      | Reached XP level 2. HP: 24/29 MP: 2/2
   266 | D:1      | Reached XP level 3. HP: 33/35 MP: 3/3
   301 | D:1      | HP: 8/35 [gnoll/halberd (11)]
   732 | D:1      | Reached skill level 1 in Invocations
   892 | D:2      | Reached skill level 1 in Short Blades
   892 | D:2      | Reached skill level 1 in Long Blades
   892 | D:2      | Reached skill level 1 in Axes
   892 | D:2      | Reached skill level 1 in Polearms
   892 | D:2      | Reached skill level 1 in Staves
   892 | D:2      | Reached skill level 1 in Slings
   892 | D:2      | Reached skill level 1 in Bows
   892 | D:2      | Reached skill level 1 in Crossbows
   892 | D:2      | Reached skill level 1 in Throwing
   892 | D:2      | Reached skill level 1 in Dodging
   892 | D:2      | Reached skill level 1 in Shields
   892 | D:2      | Reached skill level 1 in Unarmed Combat
   892 | D:2      | Reached skill level 1 in Spellcasting
   892 | D:2      | Reached skill level 1 in Evocations
   937 | D:2      | Reached XP level 4. HP: 40/41 MP: 5/5
  1332 | D:2      | Found a faded altar of an unknown god.
  1332 | D:2      | Found a sacrificial altar of Ru.
  1337 | D:2      | Found a shattered altar of Ashenzari.
  1339 | D:2      | Found a basalt altar of Yredelemnul.
  1340 | D:2      | Found a glowing silver altar of Zin.
  1372 | D:2      | Became a worshipper of Ru the Awakened
  1918 | D:3      | Noticed Robin
  1939 | D:3      | Reached skill level 1 in Conjurations
  1939 | D:3      | Reached skill level 1 in Hexes
  1939 | D:3      | Reached skill level 1 in Charms
  1939 | D:3      | Reached skill level 1 in Summonings
  1939 | D:3      | Reached skill level 1 in Necromancy
  1939 | D:3      | Reached skill level 1 in Translocations
  1939 | D:3      | Reached skill level 1 in Transmutations
  1939 | D:3      | Reached skill level 1 in Fire Magic
  1939 | D:3      | Reached skill level 1 in Ice Magic
  1939 | D:3      | Reached skill level 1 in Air Magic
  1939 | D:3      | Reached skill level 1 in Earth Magic
  1939 | D:3      | Reached skill level 1 in Poison Magic
  2272 | D:2      | Reached XP level 5. HP: 19/47 MP: 6/6
  2421 | D:3      | HP: 7/47 [Robin/wand of flame (17) (11)]
  2423 | D:3      | Killed Robin
  2638 | D:3      | Found a burning altar of Makhleb.
  2672 | D:3      | Noticed a black bear
  2691 | D:3      | Killed a black bear
  2691 | D:3      | Reached XP level 6. HP: 25/53 MP: 8/8
  2698 | D:3      | Reached skill level 2 in Invocations
  3364 | D:4      | Reached skill level 5 in Maces & Flails
  3373 | D:4      | Reached skill level 2 in Short Blades
  3373 | D:4      | Reached skill level 2 in Long Blades
  3373 | D:4      | Reached skill level 2 in Axes
  3373 | D:4      | Reached skill level 2 in Polearms
  3373 | D:4      | Reached skill level 2 in Staves
  3373 | D:4      | Reached skill level 2 in Slings
  3373 | D:4      | Reached skill level 2 in Bows
  3373 | D:4      | Reached skill level 2 in Crossbows
  3373 | D:4      | Reached skill level 2 in Throwing
  3373 | D:4      | Reached skill level 2 in Dodging
  3373 | D:4      | Reached skill level 2 in Shields
  3373 | D:4      | Reached skill level 2 in Unarmed Combat
  3373 | D:4      | Reached skill level 2 in Spellcasting
  3373 | D:4      | Reached skill level 2 in Evocations
  3570 | D:4      | Reached XP level 7. HP: 54/59 MP: 10/10
  3689 | D:4      | Noticed Ijyb
  3766 | D:4      | Reached skill level 7 in Fighting
  3766 | D:4      | Reached skill level 7 in Armour
  3780 | D:4      | Killed Ijyb
  3809 | D:4      | Reached skill level 2 in Conjurations
  3809 | D:4      | Reached skill level 2 in Hexes
  3809 | D:4      | Reached skill level 2 in Charms
  3809 | D:4      | Reached skill level 2 in Summonings
  3809 | D:4      | Reached skill level 2 in Necromancy
  3809 | D:4      | Reached skill level 2 in Translocations
  3809 | D:4      | Reached skill level 2 in Transmutations
  3809 | D:4      | Reached skill level 2 in Fire Magic
  3809 | D:4      | Reached skill level 2 in Ice Magic
  3809 | D:4      | Reached skill level 2 in Air Magic
  3809 | D:4      | Reached skill level 2 in Earth Magic
  3809 | D:4      | Reached skill level 2 in Poison Magic
  3930 | D:4      | Noticed Grinder
  4150 | D:4      | Paralysed by Grinder for 7 turns
  4172 | D:4      | HP: 14/60 [Grinder (3)]
  4173 | D:4      | Killed Grinder
  4173 | D:4      | Reached skill level 5 in Stealth
  4173 | D:4      | Reached skill level 3 in Invocations
  4173 | D:4      | Reached XP level 8. HP: 16/67 MP: 10/12
  4401 | D:4      | Noticed Blork the orc
  4411 | D:4      | Killed Blork the orc
  4479 | D:4      | Reached skill level 3 in Short Blades
  4479 | D:4      | Reached skill level 3 in Long Blades
  4479 | D:4      | Reached skill level 3 in Axes
  4479 | D:4      | Reached skill level 3 in Polearms
  4479 | D:4      | Reached skill level 3 in Staves
  4479 | D:4      | Reached skill level 3 in Slings
  4479 | D:4      | Reached skill level 3 in Bows
  4479 | D:4      | Reached skill level 3 in Crossbows
  4479 | D:4      | Reached skill level 3 in Throwing
  4479 | D:4      | Reached skill level 3 in Dodging
  4479 | D:4      | Reached skill level 3 in Shields
  4479 | D:4      | Reached skill level 3 in Unarmed Combat
  4479 | D:4      | Reached skill level 3 in Spellcasting
  4479 | D:4      | Reached skill level 3 in Evocations
  4508 | D:4      | Got a faintly glowing scale mail
  4519 | D:4      | Identified the +4 scale mail of Hemurak {MR+} (You found it on level 4 of the Dungeon)
  4858 | D:5      | Entered Level 5 of the Dungeon
  5056 | D:5      | Noticed Autsider's ghost (novice DDFi)
  5075 | D:5      | Killed Autsider's ghost
  5075 | D:5      | Reached skill level 3 in Conjurations
  5075 | D:5      | Reached skill level 3 in Hexes
  5075 | D:5      | Reached skill level 3 in Charms
  5075 | D:5      | Reached skill level 3 in Summonings
  5075 | D:5      | Reached skill level 3 in Necromancy
  5075 | D:5      | Reached skill level 3 in Translocations
  5075 | D:5      | Reached skill level 3 in Transmutations
  5075 | D:5      | Reached skill level 3 in Fire Magic
  5075 | D:5      | Reached skill level 3 in Ice Magic
  5075 | D:5      | Reached skill level 3 in Air Magic
  5075 | D:5      | Reached skill level 3 in Earth Magic
  5075 | D:5      | Reached skill level 3 in Poison Magic
  5075 | D:5      | Reached skill level 4 in Invocations
  5233 | D:5      | Reached XP level 9. HP: 70/72 MP: 14/14
  5245 | D:5      | Reached skill level 6 in Maces & Flails
  5725 | D:6      | Reached skill level 4 in Short Blades
  5725 | D:6      | Reached skill level 4 in Long Blades
  5725 | D:6      | Reached skill level 4 in Axes
  5725 | D:6      | Reached skill level 4 in Polearms
  5725 | D:6      | Reached skill level 4 in Staves
  5725 | D:6      | Reached skill level 4 in Slings
  5725 | D:6      | Reached skill level 4 in Bows
  5725 | D:6      | Reached skill level 4 in Crossbows
  5725 | D:6      | Reached skill level 4 in Throwing
  5725 | D:6      | Reached skill level 4 in Dodging
  5725 | D:6      | Reached skill level 4 in Shields
  5725 | D:6      | Reached skill level 4 in Unarmed Combat
  5725 | D:6      | Reached skill level 4 in Spellcasting
  5725 | D:6      | Reached skill level 4 in Evocations
  5733 | D:6      | HP: 12/73 [killer bee (7)]
  5733 | D:6      | HP: 5/73 [killer bee (7)]
  5736 | D:6      | Gained mutation: You passively map a small area around you. [potion of mutation]
  5736 | D:6      | Gained mutation: You have a pair of small horns on your head. [potion of mutation]
  5736 | D:6      | Gained mutation: You are partially covered in iridescent scales. (AC +2) [potion of mutation]
  5737 | D:6      | Slain by a killer bee

Vault maps used:
D:1:      matt_arrival_spirals
D:2:      chequers_temple_overflow_minitemple
D:3:      bloody_makhleb, uniq_robin
D:4:      first_ration, uniq_blork_the_orc, uniq_ijyb, uniq_grinder
D:6:      minmay_temple_entry_purple_smoke, uniq_edmund, uniq_menkaure

Skill      XL: |  1  2  3  4  5  6  7  8  9 |
---------------+----------------------------+-----
Invocations    | 1 2 3 4 |  4.4
Short Blades   | 1 2 3 4 |  4.0
Long Blades    | 1 2 3 4 |  4.0
Axes           | 1 2 3 4 |  4.0
Polearms       | 1 2 3 4 |  4.0
Staves         | 1 2 3 4 |  4.0
Slings         | 1 2 3 4 |  4.0
Bows           | 1 2 3 4 |  4.0
Crossbows      | 1 2 3 4 |  4.0
Throwing       | 1 2 3 4 |  4.0
Dodging        | 1 2 3 4 |  4.0
Shields        | 1 2 3 4 |  4.0
Unarmed Combat | 1 2 3 4 |  4.0
Spellcasting   | 1 2 3 4 |  4.0
Evocations     | 1 2 3 4 |  4.0
Conjurations   | 1 2 3 |  3.2
Hexes          | 1 2 3 |  3.2
Charms         | 1 2 3 |  3.2
Summonings     | 1 2 3 |  3.2
Necromancy     | 1 2 3 |  3.2
Translocations | 1 2 3 |  3.2
Transmutations | 1 2 3 |  3.2
Fire Magic     | 1 2 3 |  3.2
Ice Magic      | 1 2 3 |  3.2
Air Magic      | 1 2 3 |  3.2
Earth Magic    | 1 2 3 |  3.2
Poison Magic   | 1 2 3 |  3.2
Maces & Flails | 5 6 |  6.1
Fighting       | 7 |  7.7
Armour         | 7 |  7.7
Stealth        | 5 |  5.8

Action                   |  1- 3 |  4- 6 |  7- 9 || total
-------------------------+-------+-------+-------++-------
Melee: Mace              |    86 |   201 |       ||   287
       Dagger            |     8 |       |       ||     8
       Bite              |     4 |    21 |    30 ||    55
       Punch             |     2 |     2 |     6 ||    10
       Flail             |       |    46 |   255 ||   301
       Headbutt          |       |       |     1 ||     1
Invok: Reject Sacrifices |       |     1 |       ||     1
  Use: Potion            |       |     1 |     5 ||     6
       Scroll            |       |       |    12 ||    12
 Stab: Sleeping          |     4 |     1 |     4 ||     9
       Distracted        |       |       |     1 ||     1
  Eat: Chunk             |       |     9 |     7 ||    16
Armor: Ring mail         |    64 |   116 |    28 ||   208
       Scale mail        |       |       |    86 ||    86
Dodge: Dodged            |    84 |   165 |   179 ||   428
Block: Other             |       |       |    21 ||    21
       Reflection        |       |       |     1 ||     1

Table legend:
 A = Spawn XP
 B = Non-spawn XP
 C = Spawn XP percentage of total XP
 D = Spawn monster count
 E = Non-spawn monster count
 F = Spawn count percentage of total count
 G = Total turns spent on level
                    A         B        C        D         E        F      G
               +---------+---------+-------+---------+---------+-------+---------
         Total |       0 |    2942 |   0.0 |       0 |     163 |   0.0 |  5737
               +---------+---------+-------+---------+---------+-------+---------
           D:1 |       0 |      57 |   0.0 |       0 |      26 |   0.0 |   740
           D:2 |       0 |     123 |   0.0 |       0 |      36 |   0.0 |  1609
           D:3 |       0 |     223 |   0.0 |       0 |      29 |   0.0 |  1009
           D:4 |       0 |    1080 |   0.0 |       0 |      37 |   0.0 |  1515
           D:5 |       0 |    1258 |   0.0 |       0 |      26 |   0.0 |   751
           D:6 |       0 |     201 |   0.0 |       0 |       9 |   0.0 |   113
               +---------+---------+-------+---------+---------+-------+---------

Vault maps used:
D:1:      matt_arrival_spirals
D:2:      chequers_temple_overflow_minitemple
D:3:      bloody_makhleb, uniq_robin
D:4:      first_ration, uniq_blork_the_orc, uniq_ijyb, uniq_grinder
D:6:      minmay_temple_entry_purple_smoke, uniq_edmund, uniq_menkaure

Table legend:
 A = Turns spent in this place as a percentage of turns spent in the entire game.
 B = Non-inter-level travel turns spent in this place as a percentage of non-inter-level travel turns spent in the entire game.
 C = Inter-level travel turns spent in this place as a percentage of turns spent in this place.
 D = Turns resting spent in this place as a percentage of non-inter-level travel turns spent in this place.
 E = Turns spent auto-exploring this place as a percentage of non-inter-level travel turns spent in this place.
 F = Non-inter-level travel turns spent in this place divided by the number of levels of this place that you've seen.
                   A       B       C       D       E      F
               +-------+-------+-------+-------+-------+----------------------
         Total | 100.0 | 100.0 |   2.2 |   2.3 |  75.9 | 935.3
       Dungeon | 100.0 | 100.0 |   2.2 |   2.3 |  75.9 | 935.3
               +-------+-------+-------+-------+-------+----------------------

Table legend:
 A = Kills in this place as a percentage of kills in entire the game.
 B = Kills by you in this place as a percentage of kills by you in the entire game.
 C = Kills by friends in this place as a percentage of kills by friends in the entire game.
 D = Other kills in this place as a percentage of other kills in the entire game.
 E = Experience gained in this place as a percentage of experience gained in the entire game.
 F = Experience gained in this place divided by the number of levels of this place that you have seen.
                   A       B       C       D       E      F
               +-------+-------+-------+-------+-------+----------------------
         Total | 100.0 | 100.0 |   N/A |   N/A | 100.0 | 490.3
       Dungeon | 100.0 | 100.0 |   N/A |   N/A | 100.0 | 490.3
               +-------+-------+-------+-------+-------+----------------------
